 Dungeon Crawl Stone Soup version 0.27-a0-1193-g8631133539 (webtiles) character file.

Game seed: 15934007221814906775

84 bande the Shield-Bearer (level 4, -1/29 HPs)
             Began as a Gargoyle Fighter on May 27, 2021.
             Slain by Grinder (3 damage)
             ... on level 3 of the Dungeon.
             The game lasted 00:02:46 (2188 turns).

bande the Shield-Bearer (Gargoyle Fighter)          Turns: 2188, Time: 00:02:47

Health: -1/29      AC: 10    Str: 19    XL:     4   Next: 46%
Magic:  4/4        EV:  7    Int:  9    God:
Gold:   113        SH:  9    Dex: 10    Spells: 3/3 levels left

rFire    . . .     SeeInvis .   g - +3 hand axe (venom)
rCold    . . .     Faith    +   c - +0 kite shield
rNeg     + . .     Spirit   .   b - +0 scale mail
rPois    ∞         Reflect  .   (no helmet)
rElec    +         Harm     .   (no cloak)
rCorr    .         Rampage  .   (no gloves)
Will     .....                  (no boots)
Stlth    ..........             f - amulet of faith
HPRegen  0.09/turn              (no ring)
MPRegen  0.09/turn              (no ring)

@: mighty
A: sickness immunity, AC +3, negative energy resistance 1, electricity
resistance, torment resistance 1, petrification resistance
a: no special abilities


You were on level 3 of the Dungeon.
You visited 1 branch of the dungeon, and saw 3 of its levels.

You collected 113 gold pieces.

Inventory:

Hand Weapons
 a - a +0 war axe
 g - a +3 hand axe of venom (weapon)
Armour
 b - a +0 scale mail (worn)
 c - a +0 kite shield (worn)
Jewellery
 f - an amulet of faith (around neck)
Scrolls
 e - a scroll of teleportation
 h - 3 scrolls of identify
 j - a scroll of acquirement {unknown}
Potions
 i - a potion of magic


   Skills:
 + Level 3.8 Fighting
 + Level 2.7 Axes
 + Level 3.4 Armour
 + Level 0.7 Dodging
 + Level 4.2 Shields


You had 3 spell levels left.
You didn't know any spells.
Your spell library contained the following spells:

 Spells                   Type           Power      Damage    Failure   Level
 Magic Dart               Conj           0%         1d3       99%         1
 Searing Ray              Conj           0%         3d3       100%        2
 Dazzling Flash           Conj/Hex       0%         N/A       100%        3
 Fulminant Prism          Conj/Hex       0%         3d6       100%        4
 Iskenderun's Mystic Bla  Conj/Tloc      0%         2d3       100%        4


Dungeon Overview and Level Annotations

Branches:
Dungeon (3/15)

Altars:

Annotations:
D:3 Grinder


Innate Abilities, Weirdness & Mutations

You are immune to sickness and miasma.
Your stone body is resilient. (AC +3)
You are immune to poison.
You resist negative energy. (rN+)
You are resistant to electric shocks. (rElec)
You are resistant to unholy torment.
You are immune to petrification.


Message History

You hit Grinder.
Grinder is moderately wounded.
Grinder hits you.
You writhe in agony.
Grinder hits you but does no damage.
You hit Grinder but do no damage.
Grinder is moderately wounded.
Grinder hits you.
You are too injured to fight recklessly!
You are too injured to fight recklessly!
You are too injured to fight recklessly!
You are too injured to fight recklessly!
You are too injured to fight recklessly!
You are too injured to fight recklessly!
You are too injured to fight recklessly!
You are too injured to fight recklessly!
You are too injured to fight recklessly!
You are too injured to fight recklessly!
Your shield prevents you from hitting Grinder.
Grinder is moderately wounded.
Grinder gestures at you. Pain shoots through your body!
Your shield prevents you from hitting Grinder.
Grinder is moderately wounded.
Grinder hits you.
You writhe in agony.
* * * LOW HITPOINT WARNING * * *
Grinder gestures at you. Pain shoots through your body!
* * * LOW HITPOINT WARNING * * *
You feel very mighty all of a sudden.
Grinder blinks!
Grinder gestures at you.
You suddenly lose the ability to move!
You can move again.
You see here a jackal corpse.
You slash Grinder!
Grinder looks as sick as possible!
Grinder is heavily wounded.
You block Grinder's attack.
You closely miss Grinder.
Grinder is heavily wounded.
Grinder hits you.
You die...

#.#.# #.#.#
########.#.#
#........#.#
#........#.#
#........#.#
#####........#.#
#............#.#
#............#@#
#..........#.#5#
#..........#.#..
###..........#.#...
............>#.#....
###..........#.#.....
###..........#.#.#####
.####.######.#.#.# .##
#.# .#.#


You could see Grinder (extremely poisoned).

Vanquished Creatures
  2 adders
  4 dart slugs (D:1)
  3 ball pythons
  5 endoplasms
  4 giant cockroaches
  7 goblins
  3 hobgoblins
  5 jackals
  6 kobolds
  2 quokkas
  6 bats
  2 frilled lizards
  A rat (D:1)
50 creatures vanquished.

Notes
Turn   | Place    | Note
-------+----------+-------------------------------------------
     0 | D:1      | bande the Gargoyle Fighter began the quest for the Orb.
     0 | D:1      | Reached XP level 1. HP: 14/14 MP: 1/1
    48 | D:1      | Reached XP level 2. HP: 7/19 MP: 2/2
   471 | D:1      | Reached XP level 3. HP: 23/23 MP: 3/3
   683 | D:1      | Reached skill level 4 in Shields
   712 | D:1      | Found a faded altar of an unknown god.
  1485 | D:2      | Reached XP level 4. HP: 29/29 MP: 4/4
  2169 | D:3      | Noticed Grinder
  2183 | D:3      | Paralysed by Grinder for 2 turns
  2188 | D:3      | Slain by Grinder

Illustrated notes

Levels and vault maps discovered:
D:1:      lightli_arrival_noodles, layout_rooms,
          hellmonk_ecumenical_altar_lost_god, roderic_lattice_a
D:2:      cheibrodos_helix_gallery, layout_basic
D:3:      layout_basic, lemuel_tele_altar, hangedman_decor_push, uniq_grinder

Skill      XL: |  1  2  3 |
---------------+----------+-----
Axes           | 2 |  2.7
Shields        | 4 |  4.2
Fighting       | |  3.8
Armour         | |  3.4
Dodging        | |  0.7

Action                   |  1- 3 |  4- 6 || total
-------------------------+-------+-------++-------
Melee: War axe           |   106 |       ||   106
       Hand axe          |     3 |    39 ||    42
  Use: Scroll            |     5 |       ||     5
       Potion            |       |     1 ||     1
Armor: Scale mail        |    83 |    18 ||   101
Dodge: Dodged            |    36 |    12 ||    48
Block: Kite shield       |    65 |    21 ||    86

Table legend: (Time is in decaauts)
 A = Elapsed time spent in this place.
 B = Non-inter-level travel time spent in this place.
 C = Inter-level travel time spent in this place.
 D = Time resting spent in this place.
 E = Time spent auto-exploring this place.
 F = Levels seen in this place.
 G = Mean time per level.
                   A        B        C        D        E       F      G
               +--------+--------+--------+--------+--------+-----+--------+
         Total |   2271 |   2173 |     98 |    190 |   1602 |   3 |  757.0 |
       Dungeon |   2271 |   2173 |     98 |    190 |   1602 |   3 |  757.0 |
               +--------+--------+--------+--------+--------+-----+--------+

Top non-repeatable levels by time:
     D:1: 1214 daAuts
     D:2: 865 daAuts
     D:3: 192 daAuts
